 Seeded DCSS version 0.29.1-15-g9cfb28693d (webtiles) character file.

Game seed: 7617835 (custom seed)

253 fortdeath9 the Slasher (level 5, -4/72 HPs)
             Began as a Draconian Berserker on Apr 15, 2023.
             Was a Priest of Trog.
             Slain by an ogre
             ... wielding a +0 giant club
              (21 damage)
             ... on level 4 of the Dungeon.
             The game lasted 00:18:48 (2844 turns).

fortdeath9 the Slasher (Draconian Berserker)        Turns: 2844, Time: 00:18:48

Health: -4/72      AC:  6    Str: 21    XL:     5   Next: 90%
Magic:  5/5        EV: 12    Int:  8    God:    Trog [***...]
Gold:   121        SH:  0    Dex: 10    Spells: 4/4 levels left

rFire   . . .      SeeInvis .   a - +0 falchion
rCold   . . .      Faith    .   (no shield)
rNeg    . . .      Spirit   .   (body armour unavailable)
rPois   .          Reflect  .   (helmet restricted)
rElec   .          Harm     .   q - +0 cloak
rCorr   .          Rampage  .   (no gloves)
Will    .....                   (no boots)
Stlth   ..........              (no amulet)
HPRegen 0.22/turn               h - ring of flight
MPRegen 0.09/turn               (no ring)

@: berserking, flying, very quick
A: AC +5, unfitting armour, cold-blooded
a: Renounce Religion, Berserk, Trog's Hand


You were on level 4 of the Dungeon.
You worshipped Trog.
Trog was most pleased with you.
You visited 1 branch of the dungeon, and saw 4 of its levels.

You collected 121 gold pieces.

Inventory:

Hand Weapons
 a - a +0 falchion (weapon)
Missiles
 c - 25 stones (quivered)
 n - a throwing net
Armour
 q - a +0 cloak (worn)
Jewellery
 h - a ring of flight (left hand)
Wands
 l - a wand of iceblast (5)
Scrolls
 b - a scroll of butterflies {unknown}
 d - a scroll of torment
 f - 2 scrolls of teleportation
 g - a scroll of enchant armour {unknown}
 k - 2 scrolls of fear
 o - a scroll of poison {unknown}
 r - a scroll of silence {unknown}
Potions
 e - a potion of brilliance
 i - a potion of heal wounds {unknown}
 j - a potion of ambrosia {unknown}
 m - a potion of mutation {unknown}
 p - a potion of attraction {unknown}


   Skills:
 * Level 5.0 Fighting
 + Level 5.4 Long Blades
 - Level 2.9 Dodging
 + Level 0.7 Stealth


You had 4 spell levels left.
You didn't know any spells.
Your spell library was empty.

Dungeon Overview and Level Annotations

Branches:
Dungeon (4/15)
 Temple: D:4-7

Altars:
Makhleb
Xom


Innate Abilities, Weirdness & Mutations

Your plain brown scales are hard. (AC +5)
You cannot fit into any form of body armour.
You are cold-blooded and may be slowed by cold attacks.


Message History

You hit the hobgoblin.
You kill the hobgoblin!
Trog accepts your kill.
An orc, an ogre, a scorpion and an endoplasm come into view.
Found four items.
What are your orders? t - Shout!
Orders for allies: a - Attack new target. r - Retreat! s - Stop attacking. g - Guard the area. f - Follow me.
Anything else - Cancel.
You shout for attention!
You hear a shout! x2; You hear an angry hiss.
You hear a shout!
An adder comes into view.
A giant cockroach comes into view.
The adder hisses angrily.
You hit the ogre.
The ogre is lightly wounded.
The ogre hits you with a +0 giant club!
A goblin comes into view. It is wielding a +0 dagger.
You barely miss the ogre.
The ogre is lightly wounded.
You closely miss the ogre. You punch the ogre.
The ogre is lightly wounded.
The giant cockroach barely misses you. The ogre hits you but does no damage.
You hit the ogre.
The ogre is lightly wounded.
The giant cockroach bites you.
The ogre hits you with a +0 giant club!!
* * * LOW HITPOINT WARNING * * *
The giant cockroach closely misses you.
You hear a shout!
A red film seems to cover your vision as you go berserk!
You feel yourself moving faster!
You feel mighty! The goblin hits you but does no damage.
The giant cockroach bites you.
* * * LOW HITPOINT WARNING * * *
You slash the goblin!
You kill the goblin!
Trog accepts your kill.
The ogre hits you with a +0 giant club!!
You die...

...... ...#.# #...
...... #.##.##..###
......####.##.....#/# .
. .....#.##.##...##.#
.. .. ......##.##†..#o#
... #. #......#..##.#
... #.###........#.#
..#
##........####O##..#
#.....<...#?..#@S.#
#).........#!s.#B).#
....)......#=.J#......
####...##..####.##....#
##.###.... # !...# ...
..###? ##..# .... ..# .
.... r.## #..


You could see an ogre, an adder and a giant cockroach.

Vanquished Creatures
  A crimson imp (D:3)
  An orc priest (D:3)
  Natasha (twice) (D:2)
  7 adders
  An ufetubus (D:4)
  A dart slug (D:2)
  4 orcs (D:3)
  7 endoplasms
  2 giant cockroaches
  7 goblins
  4 hobgoblins
  4 jackals (D:3)
  2 quokkas
  3 ball pythons
  7 bats
  5 frilled lizards
  4 kobolds
  9 rats
71 creatures vanquished.

Notes
Turn   | Place    | Note
-------+----------+-------------------------------------------
     0 | D:1      | fortdeath9 the Draconian Berserker began the quest for the
                  | Orb.
     0 | D:1      | Reached XP level 1. HP: 19/19 MP: 1/1
   107 | D:1      | Reached XP level 2. HP: 7/26 MP: 2/2
   553 | D:1      | Reached ** piety under Trog
   843 | D:1      | Found a faded altar of an unknown god.
   980 | D:2      | Reached XP level 3. HP: 33/33 MP: 3/3
  1361 | D:2      | Noticed Natasha
  1377 | D:2      | Killed Natasha
  1378 | D:2      | Reached XP level 4. HP: 36/41 MP: 4/4
  1751 | D:2      | Noticed Natasha
  1757 | D:2      | Killed Natasha
  1985 | D:3      | Reached XP level 5. HP: 28/47 MP: 5/5
  2348 | D:3      | Reached skill level 5 in Long Blades
  2352 | D:3      | Reached *** piety under Trog
  2353 | D:3      | Reached skill level 5 in Fighting
  2702 | D:3      | Found a shimmering altar of Xom.
  2702 | D:3      | Found a burning altar of Makhleb.
  2834 | D:4      | Noticed an ogre
  2844 | D:4      | Slain by an ogre

Illustrated notes

Levels and vault maps discovered:
D:1:      minmay_arrival_three_doors, layout_basic,
          ebering_ecumenical_altar_petrified, minmay_tiny_reverse_x
D:2:      layout_loops_ring, uniq_natasha
D:3:      layout_basic, grunt_temple_overflow_champion_of_chaos
D:4:      minmay_general_purpose_star, layout_cave_pools, trog_butcher_becter,
          lemuel_coloured_pillars_altar, minmay_vboxes, uniq_eustachio,
          uniq_crazy_yiuf_cottage

Skill      XL: |  1  2  3  4  5 |
---------------+----------------+-----
Fighting       | 4 5 |  5.0
Long Blades    | 4 5 |  5.4
Dodging        | |  2.9
Stealth        | |  0.7

Action                   |  1- 3 |  4- 6 || total
-------------------------+-------+-------++-------
Melee: Falchion          |   135 |   120 ||   255
       Tailslap          |    11 |    15 ||    26
       Punch             |       |     2 ||     2
Throw: Stone             |     1 |     2 ||     3
Invok: Berserk           |     1 |     2 ||     3
  Use: Scroll            |     4 |     1 ||     5
       Potion            |     1 |       ||     1
Armor: Skin              |    49 |    35 ||    84
Dodge: Dodged            |    94 |    73 ||   167
